 Dungeon Sprint DCSS version 0.30-a0-269-gf0224bf7b6 (webtiles) character file.

Game seed: 9027666541364422174

7310 Hubris850 the Martial Artist (level 11, -9/110 HPs)
             Began as a Gnoll Transmuter on Oct 13, 2022.
             Was the Champion of Makhleb.
             Mangled by Erica
             ... wielding a +4 scimitar of flaming
              (12 damage)
             ... in the Dungeon (Sprint VII: "The Pits") on Oct 14, 2022.
             The game lasted 00:07:22 (1306 turns).

Hubris850 the Martial Artist (Gnoll Transmuter)     Turns: 1306, Time: 00:07:22

Health: -9/110     AC: 11    Str: 12    XL:     11   Next: 13%
Magic:  23/26      EV: 16    Int: 13    God:    Makhleb [******]
Gold:   0          SH:  0    Dex: 17    Spells: 25/32 levels left

rFire   x . .      SeeInvis .      - Unarmed
rCold   + + +      Faith    .    (shield currently unavailable)
rNeg    . . .      Spirit   .    (body armour currently unavailable)
rPois   +          Reflect  .    (helmet currently unavailable)
rElec   .          Harm     .    (cloak currently unavailable)
rCorr   .          Rampage  .    (gloves currently unavailable)
Will    .....      NoTele   +    (boots currently unavailable)
Stlth   +++++.....               (no amulet)
HPRegen 0.38/turn                n - +3 ring of protection
MPRegen 0.20/turn                o - +3 ring of strength

@: ice-form, afraid, flayed, wereblooded, slowed, very slow
A: freezing attack, amphibious, boosted hp, large, (fangs 1), strong nose,
distributed training
a: End Transformation, Renounce Religion, Minor Destruction, Lesser Servant of
Makhleb, Major Destruction, Greater Servant of Makhleb


You were in the Dungeon.
You worshipped Makhleb.
Makhleb was exalted by your worship.
You were a creature of crystalline ice.
You visited 1 branch

Inventory:

Hand Weapons
 l - a +1 long sword of flaming
 p - the +4 quarterstaff of Accidental Termination {venom, rElec}
   (You found it in the Dungeon)

   It poisons the flesh of those it strikes.
   rElec:     It insulates you from electricity.
Armour
 a - a +0 robe (melded)
 q - a +0 pair of boots (melded)
Jewellery
 n - a +3 ring of protection (left front paw)
 o - a +3 ring of strength (right front paw)
Wands
 r - a wand of flame (18)
Scrolls
 h - a scroll of blinking
 j - 5 scrolls of amnesia
 k - a scroll of summoning
Potions
 b - a potion of lignification
 c - 6 potions of curing
 d - 6 potions of heal wounds
 e - 2 potions of haste
 f - 4 potions of magic
 g - 2 potions of berserk rage
 i - 2 potions of invisibility
 m - a potion of flight {unknown}


   Skills:
 + Level 10.6 Fighting
 + Level 10.2 Short Blades
 + Level 10.2 Long Blades
 + Level 10.2 Axes
 + Level 10.2 Maces & Flails
 + Level 10.2 Polearms
 + Level 10.2 Staves
 + Level 10.2 Ranged Weapons
 + Level 10.2 Throwing
 + Level 10.2 Armour
 + Level 11.2 Dodging
 + Level 10.2 Stealth
 + Level 10.2 Shields
 + Level 12.1 Unarmed Combat
 + Level 11.4 Spellcasting
 + Level 8.6 Conjurations
 + Level 8.6 Hexes
 + Level 8.6 Summonings
 + Level 8.6 Necromancy
 + Level 8.6 Translocations
 + Level 9.4 Transmutations
 + Level 8.6 Fire Magic
 + Level 8.6 Ice Magic
 + Level 8.6 Air Magic
 + Level 8.6 Earth Magic
 + Level 8.6 Poison Magic
 + Level 11.1 Invocations
 + Level 10.2 Evocations


You had 25 spell levels left.
You knew the following spells:

 Your Spells              Type           Power      Damage    Failure   Level
a - Beastly Appendage     Tmut           64%        N/A       1%          1
b - Wereblood             Tmut           32%        N/A       1%          2
c - Ice Form              Ice/Tmut       30%        N/A       2%          4

Your spell library contained the following spells:

 Spells                   Type           Power      Damage    Failure   Level
 Spider Form              Tmut/Pois      30%        N/A       1%          3


Dungeon Overview and Level Annotations

Branches:
Dungeon (1/1)

Altars:
Ashenzari
Cheibriados
Dithmenos
Elyvilon
Fedhas
Gozag
Hepliaklqana
Kikubaaqudgha
Makhleb
Nemelex Xobeh
Okawaru
Qazlal
Ru
Sif Muna
Trog
Uskayaw
Vehumet
Wu Jian
Xom
Yredelemnul
Zin
The Shining One
Jiyva
Lugonu

Annotations:
D Erica, Josephine


Innate Abilities, Weirdness & Mutations

You are a creature of crystalline ice.
You have a powerful freezing melee attack.
You are amphibious.
Your maximum health is increased.
Your armour is entirely melded.
You are incapable of wielding weapons or throwing items.
((You have very sharp teeth.))
Your uncanny sense of smell can sniff out nearby items.
Your experience applies equally to all skills.


Message History

A rime drake, a hell hog and a manticore come into view.
You howl as the wereblood boils in your veins!
The eidolon gives a chilling moan.
The hell hog barely misses you. Erica misses you. The yak misses you.
A yak comes into view.
The hell hog bites you but does no damage.
Erica points at you and mumbles some strange words.
The bolt of poison hits you! You resist.
* * * LOW HITPOINT WARNING * * *
Josephine the Decaying Necromancer comes into view.
She is wielding a +0 dagger.
The eidolon gestures.
The eidolon radiates an aura of fear!
You are terrified of the eidolon!
The yak closely misses you. The hell hog bites you.
* * * LOW HITPOINT WARNING * * *
The yak moves out of view.
There is an open door here.
You punch the hell hog! You freeze the hell hog.
The hell hog is moderately wounded.
A giant cockroach comes into view.
The hell hog barely misses you.
The flayed ghost cries, "Suffer as I suffered!"
Terrible wounds spread across more of your body!
* * * LOW HITPOINT WARNING * * *
Erica closely misses you.
The giant cockroach moves out of view.
A guardian mummy comes into view.
You punch the hell hog! You freeze the hell hog.
The hell hog is heavily wounded.
The hell hog bites you!
* * * LOW HITPOINT WARNING * * *
Erica points at you and mumbles some strange words.
The bolt of poison hits you! You resist.
* * * LOW HITPOINT WARNING * * *
The hell hog barely misses you.
You barely miss the hell hog.
The hell hog is heavily wounded.
The hell hog misses you.
A wraith comes into view.
Erica hits you with a +4 scimitar of flaming!
You die...

###### ############
###### ....+..'†..###
..... ....+..).....##
.... ...##.)##.....##
...# .###....###....#
...#
##....)...###.###Y.# W
#...#..#...#....#WY#kg..
)..........'....YhYW.Y..
#...#..#...#....#@h#H@..
##........###.###.f# M
.###....###....# ...#
...##..##.....## ...#
....+..'.....## ....
#...+..'...## .....
########## ######


You could see an eidolon (scary), Josephine, Erica, a flayed ghost, 2 hell hogs,
a manticore, a guardian mummy, a wandering mushroom, 4 yaks, a rime drake, a
wraith (wandering) and a goblin.

Vanquished Creatures
  A two-headed ogre (D)
  A death yak (D)
  A hell hog (D)
  A bog body (D)
  A lindwurm (D)
  A deep elf pyromancer (D)
  A deep elf zephyrmancer (D)
  A gargoyle (D)
  A cane toad (D)
  A smoke demon (D)
  An ice devil (D)
  A tarantella (D)
  A tyrant leech (D)
  4 dream sheep (D)
  A flying skull (D)
  A vampire (D)
  A wraith (D)
  A small abomination (D)
  A fire bat (D)
  A floating eye (D)
  A black bear (D)
  3 centaurs (D)
  A kobold brigand (D)
  2 scorpions (D)
  A crimson imp (D)
  A jelly (D)
  Ijyb (D)
  An iguana (D)
  Terence (D)
  2 gnolls (D)
  An adder (D)
  2 river rats (D)
  2 white imps (D)
  An orc (D)
  A bat zombie (D)
  An endoplasm (D)
  A giant cockroach (D)
  2 goblins (D)
  A hobgoblin (D)
  A frilled lizard (D)
50 creatures vanquished.

Vanquished Creatures (others)
  A komodo dragon (D)
1 creature vanquished.

Grand Total: 51 creatures vanquished

Notes
Turn   | Place    | Note
-------+----------+-------------------------------------------
     0 | D        | Hubris850 the Gnoll Transmuter began the quest for the Orb.
     0 | D        | Reached XP level 1. HP: 17/17 MP: 6/6
    16 | D        | Reached skill level 1 in Short Blades
    16 | D        | Reached skill level 1 in Long Blades
    16 | D        | Reached skill level 1 in Axes
    16 | D        | Reached skill level 1 in Maces & Flails
    16 | D        | Reached skill level 1 in Polearms
    16 | D        | Reached skill level 1 in Staves
    16 | D        | Reached skill level 1 in Ranged Weapons
    16 | D        | Reached skill level 1 in Throwing
    16 | D        | Reached skill level 1 in Armour
    16 | D        | Reached skill level 1 in Stealth
    16 | D        | Reached skill level 1 in Shields
    16 | D        | Reached skill level 5 in Spellcasting
    16 | D        | Reached skill level 1 in Conjurations
    16 | D        | Reached skill level 1 in Hexes
    16 | D        | Reached skill level 1 in Summonings
    16 | D        | Reached skill level 1 in Necromancy
    16 | D        | Reached skill level 1 in Translocations
    16 | D        | Reached skill level 1 in Fire Magic
    16 | D        | Reached skill level 1 in Ice Magic
    16 | D        | Reached skill level 1 in Air Magic
    16 | D        | Reached skill level 1 in Earth Magic
    16 | D        | Reached skill level 1 in Poison Magic
    16 | D        | Reached skill level 1 in Invocations
    16 | D        | Reached skill level 1 in Evocations
    16 | D        | Reached XP level 2. HP: 7/23 MP: 8/8
   108 | D        | Found a glowing golden altar of the Shining One.
   108 | D        | Found a glowing silver altar of Zin.
   108 | D        | Found a basalt altar of Yredelemnul.
   108 | D        | Found a shimmering altar of Xom.
   108 | D        | Found an ornate altar of the Wu Jian Council.
   108 | D        | Found a bloodstained altar of Trog.
   108 | D        | Found a shimmering blue altar of Sif Muna.
   108 | D        | Found a sacrificial altar of Ru.
   108 | D        | Found a stormy altar of Qazlal.
   108 | D        | Found an iron altar of Okawaru.
   108 | D        | Found a sparkling altar of Nemelex Xobeh.
   108 | D        | Found a burning altar of Makhleb.
   108 | D        | Found a viscous altar of Jiyva.
   108 | D        | Found a hazy altar of Hepliaklqana.
   108 | D        | Found an opulent altar of Gozag.
   108 | D        | Found a blossoming altar of Fedhas.
   108 | D        | Found a white marble altar of Elyvilon.
   108 | D        | Found a shadowy altar of Dithmenos.
   108 | D        | Found a snail-covered altar of Cheibriados.
   109 | D        | Found a radiant altar of Vehumet.
   109 | D        | Found a corrupted altar of Lugonu.
   110 | D        | Found an ancient bone altar of Kikubaaqudgha.
   110 | D        | Found a hide-covered altar of Uskayaw.
   110 | D        | Found a broken altar of Ashenzari.
   116 | D        | Became a worshipper of Makhleb the Destroyer
   129 | D        | Noticed a scorpion
   138 | D        | Killed a scorpion
   139 | D        | Reached skill level 5 in Dodging
   139 | D        | Reached skill level 7 in Unarmed Combat
   139 | D        | Reached XP level 3. HP: 26/30 MP: 10/10
   139 | D        | Reached XP level 4. HP: 32/37 MP: 11/11
   222 | D        | Learned a level 2 spell: Wereblood
   227 | D        | Learned a level 4 spell: Ice Form
   236 | D        | Noticed a floating eye
   240 | D        | Paralysed by a floating eye for 3 turns
   243 | D        | Noticed a scorpion
   247 | D        | Killed a floating eye
   247 | D        | Reached * piety under Makhleb
   248 | D        | Reached XP level 5. HP: 43/43 MP: 11/13
   256 | D        | Reached skill level 5 in Fighting
   256 | D        | Reached skill level 5 in Transmutations
   266 | D        | Reached XP level 6. HP: 51/51 MP: 5/15
   266 | D        | Reached ** piety under Makhleb
   345 | D        | Reached *** piety under Makhleb
   346 | D        | Reached skill level 8 in Unarmed Combat
   348 | D        | Reached skill level 5 in Invocations
   354 | D        | Reached skill level 5 in Short Blades
   354 | D        | Reached skill level 5 in Long Blades
   354 | D        | Reached skill level 5 in Axes
   354 | D        | Reached skill level 5 in Maces & Flails
   354 | D        | Reached skill level 5 in Polearms
   354 | D        | Reached skill level 5 in Staves
   354 | D        | Reached skill level 5 in Ranged Weapons
   354 | D        | Reached skill level 5 in Throwing
   354 | D        | Reached skill level 5 in Armour
   354 | D        | Reached skill level 5 in Stealth
   354 | D        | Reached skill level 5 in Shields
   354 | D        | Reached skill level 5 in Evocations
   356 | D        | Reached **** piety under Makhleb
   358 | D        | Noticed Terence
   359 | D        | Killed Terence
   362 | D        | Noticed a vampire
   367 | D        | Killed a vampire
   368 | D        | Reached XP level 7. HP: 45/58 MP: 14/18
   369 | D        | Noticed a fire bat
   373 | D        | Reached ***** piety under Makhleb
   377 | D        | Killed a fire bat
   378 | D        | Reached skill level 9 in Unarmed Combat
   378 | D        | Reached skill level 5 in Conjurations
   378 | D        | Reached skill level 5 in Hexes
   378 | D        | Reached skill level 5 in Summonings
   378 | D        | Reached skill level 5 in Necromancy
   378 | D        | Reached skill level 5 in Translocations
   378 | D        | Reached skill level 5 in Fire Magic
   378 | D        | Reached skill level 5 in Ice Magic
   378 | D        | Reached skill level 5 in Air Magic
   378 | D        | Reached skill level 5 in Earth Magic
   378 | D        | Reached skill level 5 in Poison Magic
   495 | D        | Noticed a tarantella
   495 | D        | Noticed a cane toad
   503 | D        | Killed a cane toad
   504 | D        | Reached XP level 8. HP: 67/67 MP: 14/20
   507 | D        | Killed a tarantella
   579 | D        | Got the +4 quarterstaff of Accidental Termination {venom,
                  | rElec}
   649 | D        | Noticed a flying skull
   649 | D        | Noticed a lindwurm
   655 | D        | Killed a lindwurm
   656 | D        | Reached XP level 9. HP: 27/74 MP: 15/22
   662 | D        | Reached skill level 10 in Unarmed Combat
   876 | D        | Noticed a tyrant leech
   877 | D        | Noticed Ijyb
   877 | D        | Noticed a two-headed ogre
   878 | D        | Noticed a death yak
   878 | D        | Noticed a gargoyle
   887 | D        | Killed a death yak
   894 | D        | Killed a two-headed ogre
   901 | D        | Killed a tyrant leech
   902 | D        | Reached skill level 10 in Spellcasting
   905 | D        | Killed a gargoyle
   905 | D        | Reached ****** piety under Makhleb
   906 | D        | Reached XP level 10. HP: 63/83 MP: 20/24
   907 | D        | Killed Ijyb
   932 | D        | Noticed a bog body
   932 | D        | Noticed a deep elf pyromancer
   936 | D        | Killed a bog body
   937 | D        | Reached skill level 10 in Dodging
   937 | D        | Reached skill level 11 in Unarmed Combat
   942 | D        | Killed a deep elf pyromancer
   943 | D        | Reached skill level 10 in Invocations
  1135 | D        | Upgraded the game from 0.30-a0-263-ge22c4ad894 to
                  | 0.30-a0-269-gf0224bf7b6
  1137 | D        | Reached skill level 10 in Fighting
  1138 | D        | Noticed a deep elf zephyrmancer
  1144 | D        | Noticed a smoke demon
  1151 | D        | Killed a deep elf zephyrmancer
  1162 | D        | Killed a smoke demon
  1163 | D        | Reached skill level 10 in Short Blades
  1163 | D        | Reached skill level 10 in Long Blades
  1163 | D        | Reached skill level 10 in Axes
  1163 | D        | Reached skill level 10 in Maces & Flails
  1163 | D        | Reached skill level 10 in Polearms
  1163 | D        | Reached skill level 10 in Staves
  1163 | D        | Reached skill level 10 in Ranged Weapons
  1163 | D        | Reached skill level 10 in Throwing
  1163 | D        | Reached skill level 10 in Armour
  1163 | D        | Reached skill level 10 in Stealth
  1163 | D        | Reached skill level 10 in Shields
  1163 | D        | Reached skill level 10 in Evocations
  1163 | D        | Reached XP level 11. HP: 92/92 MP: 26/26
  1290 | D        | Noticed an eidolon
  1290 | D        | Noticed a hell hog
  1290 | D        | Noticed Erica
  1294 | D        | Noticed a hell hog
  1298 | D        | Noticed a flayed ghost
  1299 | D        | Killed a hell hog
  1300 | D        | Reached skill level 12 in Unarmed Combat
  1303 | D        | Noticed a hell hog
  1303 | D        | Noticed a manticore
  1303 | D        | Noticed Josephine
  1305 | D        | HP: 3/110 [Erica/bolt of poison (7)]
  1306 | D        | Mangled by Erica

Illustrated notes

Levels and vault maps discovered:
D:        pitsprint [storerooms_1, entrance_room_1, metal_vault_4, armoury_2,
          mini_pit_1, grid_room_1, main_hall_1, silver_pit, the_coven_1,
          the_vestibule_1, steel_vault_5, golden_pit, hallway_of_sentries,
          crystal_vault_1, iron_vault_4, final_vault]

Skill      XL: |  1  2  3  4  5  6  7  8  9 10 11 |
---------------+----------------------------------+-----
Short Blades   | 1 2 3 4 5 6 7 8 10 | 10.2
Long Blades    | 1 2 3 4 5 6 7 8 10 | 10.2
Axes           | 1 2 3 4 5 6 7 8 10 | 10.2
Maces & Flails | 1 2 3 4 5 6 7 8 10 | 10.2
Polearms       | 1 2 3 4 5 6 7 8 10 | 10.2
Staves         | 1 2 3 4 5 6 7 8 10 | 10.2
Ranged Weapons | 1 2 3 4 5 6 7 8 10 | 10.2
Throwing       | 1 2 3 4 5 6 7 8 10 | 10.2
Armour         | 1 2 3 4 5 6 7 8 10 | 10.2
Stealth        | 1 2 3 4 5 6 7 8 10 | 10.2
Shields        | 1 2 3 4 5 6 7 8 10 | 10.2
Spellcasting   | 5 6 7 8 9 10 11 | 11.4
Conjurations   | 1 2 3 4 5 6 7 8 |  8.6
Hexes          | 1 2 3 4 5 6 7 8 |  8.6
Summonings     | 1 2 3 4 5 6 7 8 |  8.6
Necromancy     | 1 2 3 4 5 6 7 8 |  8.6
Translocations | 1 2 3 4 5 6 7 8 |  8.6
Fire Magic     | 1 2 3 4 5 6 7 8 |  8.6
Ice Magic      | 1 2 3 4 5 6 7 8 |  8.6
Air Magic      | 1 2 3 4 5 6 7 8 |  8.6
Earth Magic    | 1 2 3 4 5 6 7 8 |  8.6
Poison Magic   | 1 2 3 4 5 6 7 8 |  8.6
Invocations    | 1 2 4 6 7 8 9 10 11 | 11.1
Evocations     | 1 2 3 4 5 6 7 8 10 | 10.2
Fighting       | 3 4 5 6 7 9 10 | 10.6
Dodging        | 5 6 7 8 9 11 | 11.2
Unarmed Combat | 7 8 9 10 11 12 | 12.1
Transmutations | 4 5 6 7 8 9 |  9.4

Action                   |  1- 3 |  4- 6 |  7- 9 | 10-12 || total
-------------------------+-------+-------+-------+-------++-------
Melee: Unarmed           |    11 |    37 |    45 |    52 ||   145
       Bite              |     2 |     1 |       |       ||     3
       Punch             |       |     1 |       |       ||     1
 Cast: Wereblood         |       |     2 |     3 |     3 ||     8
       Ice Form          |       |     2 |     3 |     3 ||     8
  Use: Potion            |     1 |       |     3 |     6 ||    10
 Stab: Sleeping          |       |       |     1 |     1 ||     2
Armor: Robe              |       |     2 |       |     2 ||     4
       Skin              |       |     7 |     7 |    21 ||    35
Dodge: Dodged            |     5 |    11 |    12 |    43 ||    71

Table legend: (Time is in decaauts)
 A = Elapsed time spent in this place.
 B = Non-inter-level travel time spent in this place.
 C = Inter-level travel time spent in this place.
 D = Time resting spent in this place.
 E = Time spent auto-exploring this place.
 F = Levels seen in this place.
 G = Mean time per level.
                   A        B        C        D        E       F      G
               +--------+--------+--------+--------+--------+-----+--------+
         Total |   1315 |   1273 |     42 |    825 |      0 |   1 | 1315.0 |
       Dungeon |   1315 |   1273 |     42 |    825 |      0 |   1 | 1315.0 |
               +--------+--------+--------+--------+--------+-----+--------+

Top non-repeatable levels by time:
       D: 1315 daAuts
